 Dungeon Crawl Stone Soup version 0.29-a0-271-gd4eb659eea (webtiles) character file.

Game seed: 5403144024593628713

784 Hubjo the Covert (level 7, -8/51 (52) HPs)
             Began as a Vampire Enchanter on Mar 8, 2022.
             Was an Initiate of Nemelex Xobeh.
             Mangled by a gnoll shaman
             ... wielding a +0 whip
              (10 damage)
             ... on level 7 of the Dungeon.
             The game lasted 00:14:19 (7348 turns).

Hubjo the Covert (Vampire Enchanter)                Turns: 7348, Time: 00:14:21

HP:   -8/51 (52)    AC:  7    Str:  7    XL:     7   Next: 55%
MP:   10/11         EV: 13    Int: 18    God:    Nemelex Xobeh [......]
Gold: 134           SH:  0    Dex: 16    Spells: 6/11 levels left

rFire   . . .      SeeInvis +   e - +1 dagger (venom)
rCold   . . .      Faith    .   (no shield)
rNeg    . . .      Spirit   .   f - +1 robe {Will+}
rPois   .          Reflect  .   o - +0 helmet
rElec   .          Harm     .   (no cloak)
rCorr   .          Rampage  .   (no gloves)
Will    +....                   d - +2 pair of boots
Stlth   ++++......              (no amulet)
HPRegen 0.37/turn               h - +4 ring of slaying
MPRegen 0.12/turn               k - ring of wizardry

@: about to teleport, healing quickly, lightly drained
A: alive, fangs 3, see invisible, vampiric 2
a: Exsanguinate, Renounce Religion, Draw Escape, Draw Destruction, Draw
Summoning


You were on level 7 of the Dungeon.
You worshipped Nemelex Xobeh.
Nemelex Xobeh was noncommittal.
You visited 2 branches of the dungeon, and saw 8 of its levels.
You also visited: Sewer.

You collected 315 gold pieces.
You spent 181 gold pieces at shops.

Inventory:

Hand Weapons
 a - a +1 dagger
 e - a +1 dagger of venom (weapon)
Armour
 b - a +0 robe
 d - a +2 pair of boots (worn)
 f - a +1 robe of willpower (worn)
 o - a +0 helmet (worn)
Jewellery
 h - a +4 ring of slaying (left hand)
 k - a ring of wizardry (right hand)
 t - a +4 ring of protection
Scrolls
 i - 2 scrolls of vulnerability {unknown}
 j - a scroll of magic mapping {unknown}
 m - a scroll of identify {unknown}
 n - a scroll of enchant weapon {unknown}
 q - a scroll of enchant armour {unknown}
 r - a scroll of acquirement {unknown}
 x - a scroll of fog {unknown}
 y - a scroll of brand weapon {unknown}
 B - a scroll of noise {unknown}
Potions
 c - 4 potions of invisibility
 l - 3 potions of haste
 p - a potion of curing {unknown}
 s - a potion of resistance
 u - a potion of berserk rage {unknown}
 v - a potion of might {unknown}
 w - a potion of degeneration {unknown}
 z - a potion of mutation {unknown}
 A - a potion of heal wounds
 C - a potion of flight {unknown}


   Skills:
 + Level 3.2 Fighting
 + Level 3.3 Short Blades
 + Level 4.0 Dodging
 * Level 8.3 Stealth
 + Level 2.6 Spellcasting
 + Level 6.1 Hexes
 + Level 1.4 Invocations


You had 6 spell levels left.
You knew the following spells:

 Your Spells              Type           Power      Damage    Failure   Level
a - Tukima's Dance        Hex            24%        N/A       1%          3
b - Ensorcelled Hibernat  Hex/Ice        26%        N/A       3%          2

Your spell library contained the following spells:

 Spells                   Type           Power      Damage    Failure   Level
 Confusing Touch          Hex            24%        N/A       1%          3
 Dazzling Flash           Conj/Hex       26%        N/A       6%          3
 Magic Dart               Conj           8%         1d3       7%          1
 Corpse Rot               Necr/Air       4%         N/A       11%         2
 Searing Ray              Conj           4%         2d4       11%         2
 Anguish                  Hex/Necr       6%         N/A       19%         4
 Fulminant Prism          Conj/Hex       6%         3d7       19%         4
 Spider Form              Tmut/Pois      2%         N/A       21%         3
 Dispel Undead            Necr           2%         3d7       52%         4
 Death Channel            Necr           1%         N/A       100%        6


Dungeon Overview and Level Annotations

Branches:
Dungeon (7/15)             Temple (1/1) D:5           Sewer (visited)

Altars:
Ashenzari
Cheibriados
Dithmenos
Elyvilon
Fedhas
Gozag
Hepliaklqana
Kikubaaqudgha
Makhleb
Nemelex Xobeh
Okawaru
Qazlal
Ru
Sif Muna
Trog
Uskayaw
Vehumet
Wu Jian
Xom
Yredelemnul
Zin
The Shining One
Lugonu

Shops:
D:6 [

Portals:
Abyss: D:5


Innate Abilities, Weirdness & Mutations

Your natural rate of healing is accelerated.
You have razor-sharp teeth.
You have supernaturally acute eyesight. (SInv)
You are afflicted with vampirism and can become a bat while bloodless.


Message History

The gnoll hits you with a +0 club.
You puncture the gnoll!
You kill the gnoll!
The phantom hits you but does no damage.
As you read the scroll of teleportation, it crumbles to dust.
You feel strangely unstable.
The gnoll shaman hits you with a +0 whip!
A gnoll comes into view. It is wielding a +0 flail.
The phantom hits you but does no damage.
You barely miss the gnoll shaman.
The gnoll shaman hits you with a +0 whip.
* * * LOW HITPOINT WARNING * * *
The gnoll shouts!
You hit the gnoll shaman.
The gnoll shaman is poisoned.
The gnoll shaman is moderately wounded.
You hear a shout!
The phantom hits you.
* * * LOW HITPOINT WARNING * * *
A wight comes into view. It is wielding a +2 battleaxe.
The gnoll shaman barely misses you.
You barely miss the gnoll shaman. Your bite misses the gnoll shaman.
The gnoll shaman is heavily wounded.
The phantom hits you.
* * * LOW HITPOINT WARNING * * *
The gnoll shaman utters an invocation to its god.
The gnoll shaman is healed somewhat.
You hit the gnoll shaman.
The gnoll shaman looks as sick as possible!
You bite the gnoll shaman.
The gnoll shaman is heavily wounded.
The phantom hits you but does no damage.
The wight hits you from afar with a +3 spear of freezing.
* * * LOW HITPOINT WARNING * * *
You feel drained.
* * * LOW HITPOINT WARNING * * *
The wight freezes you.
* * * LOW HITPOINT WARNING * * *
The gnoll shaman hits you with a +0 whip!
You die...
Your body disappears without a glow.

#..≈≈≈≈≈≈≈....#
#.............#
#.##..........#
#.....z.......#
####.zg...$...##
#............
#...gzz...W.#
#####g#####?#
#@# . #W#
#.....gg#
######.g. ##...
#.... .....g
....### ....#


You could see a phantom, 2 gnoll shamans, 4 wights and 4 gnolls.

Vanquished Creatures
  An orc warrior (D:6)
  Pargi (Sewer)
  A black bear (D:5)
  A bullfrog (D:6)
  A wight (D:7)
  2 hounds (D:6)
  Terence (D:2)
  2 iguanas
  3 orc wizards
  6 adders
  A gnoll (D:7)
  A shadow imp (D:6)
  2 worms (D:5)
  3 dart slugs
  14 orcs
  7 bats
  5 endoplasms
  A giant cockroach (D:3)
  9 goblins
  8 hobgoblins
  4 jackals (D:2)
  7 quokkas
  6 ball pythons
  7 frilled lizards
  7 kobolds
  7 rats
  A spectral goblin (D:1)
109 creatures vanquished.

Vanquished Creatures (others)
  2 lurking horrors (D:5)
  32 plants (D:2)
34 creatures vanquished.

Grand Total: 143 creatures vanquished

Notes
Turn   | Place    | Note
-------+----------+-------------------------------------------
     0 | D:1      | Hubjo the Vampire Enchanter began the quest for the Orb.
     0 | D:1      | Reached XP level 1. HP: 13/13 MP: 3/3
   101 | D:1      | Reached XP level 2. HP: 9/20 MP: 5/5
   312 | D:1      | Reached skill level 5 in Stealth
   483 | D:1      | Reached skill level 1 in Fighting
   615 | D:1      | Found a faded altar of an unknown god.
   625 | D:1      | Prayed at the altar of an unknown god.
   625 | D:1      | Became a worshipper of Uskayaw the Reveller
   625 | D:1      | Reached * piety under Uskayaw
   810 | D:2      | Gained mutation: You are afflicted with vampirism and can
                  | become a bat while bloodless. [Vampire growth]
   810 | D:2      | Reached XP level 3. HP: 26/26 MP: 6/6
   814 | D:2      | Learned a level 3 spell: Tukima's Dance
   817 | D:2      | Learned a level 2 spell: Ensorcelled Hibernation
   822 | D:2      | Found an opulent altar of Gozag.
   845 | D:2      | Reached ** piety under Uskayaw
   856 | D:2      | Reached *** piety under Uskayaw
   870 | D:2      | Reached **** piety under Uskayaw
   986 | D:2      | Noticed Terence
   993 | D:2      | Killed Terence
   994 | D:2      | Reached XP level 4. HP: 33/33 MP: 7/7
  1226 | D:2      | Found a hide-covered altar of Uskayaw.
  1840 | D:3      | Reached skill level 5 in Hexes
  2899 | D:4      | Reached skill level 6 in Stealth
  2902 | D:4      | Reached XP level 5. HP: 28/38 MP: 8/8
  3820 | D:5      | Entered Level 5 of the Dungeon
  3820 | D:5      | Noticed a black bear
  3825 | D:5      | Killed a black bear
  4018 | D:5      | Found a glowing drain.
  4046 | Sewer    | Entered a sewer
  4115 | Sewer    | Noticed Pargi
  4119 | Sewer    | Killed Pargi
  4120 | Sewer    | Reached skill level 7 in Stealth
  4120 | Sewer    | Reached XP level 6. HP: 46/46 MP: 9/9
  4180 | Sewer    | HP: 2/46 [poisoned by an adder]
  5420 | D:5      | Found a staircase to the Ecumenical Temple.
  5485 | D:5      | Found a stormy altar of Qazlal.
  5749 | Temple   | Entered the Ecumenical Temple
  5771 | Temple   | Fell from the grace of Uskayaw
  5771 | Temple   | Became a worshipper of Nemelex Xobeh the Trickster
  5942 | D:5      | Found a corrupted altar of Lugonu.
  5949 | D:5      | Found a one-way gate to the infinite horrors of the Abyss.
  6438 | D:6      | Found Duiren's Armour Boutique.
  6452 | D:6      | Bought a +2 pair of boots for 181 gold pieces
  6513 | D:6      | Noticed an orc warrior
  6528 | D:6      | Reached skill level 1 in Invocations
  6528 | D:6      | Reached XP level 7. HP: 49/52 MP: 10/10
  6541 | D:6      | Reached skill level 8 in Stealth
  7348 | D:7      | HP: 2/51 [wight/+3 spear of freezing (1)]
  7348 | D:7      | Mangled by a gnoll shaman

Illustrated notes

Levels and vault maps discovered:
D:1:      mainiacjoe_arrival_reflecting_pool, layout_loops_ring,
          dreamdust_ecumenical_altar_drowned_temple
D:2:      wad_woods_stonehenge, layout_basic, basic_altar,
          minmay_tiny_reverse_x, uniq_terence
D:3:      layout_loops_ring, st_stairs_11, serial_park_tiny_2,
          grunt_ministairs_1
D:4:      layout_layer_cave
D:5:      layout_cave_pods, amethyst_overflow_temple_binary, temple_green,
          cheibrodos_sewer_entry_sluice, amcnicky_altar_lugonu_corruption
D:6:      layout_loops_corners, serial_shops, shop
D:7:      layout_rooms, enter_bailey_3, minmay_misc_feat_cross
Temple:   regret_index_temple_chain_breaker

Skill      XL: |  1  2  3  4  5  6  7 |
---------------+----------------------+-----
Stealth        | 5 6 7 8 |  8.3
Fighting       | 1 2 3 |  3.2
Short Blades   | 2 3 |  3.3
Hexes          | 5 6 |  6.1
Dodging        | 3 4 |  4.0
Invocations    | 1 |  1.4
Spellcasting   | |  2.6

Action                   |  1- 3 |  4- 6 |  7- 9 || total
-------------------------+-------+-------+-------++-------
Melee: Dagger            |   111 |   149 |    51 ||   311
       Bite              |    12 |    15 |     6 ||    33
       Punch             |       |     1 |     2 ||     3
  Use: Scroll            |       |     2 |     1 ||     3
       Potion            |       |     5 |       ||     5
 Stab: Sleeping          |    11 |    12 |     1 ||    24
       Paralysed         |     2 |       |       ||     2
Armor: Robe              |    17 |    21 |     6 ||    44
Dodge: Dodged            |    84 |    99 |    20 ||   203

Table legend: (Time is in decaauts)
 A = Elapsed time spent in this place.
 B = Non-inter-level travel time spent in this place.
 C = Inter-level travel time spent in this place.
 D = Time resting spent in this place.
 E = Time spent auto-exploring this place.
 F = Levels seen in this place.
 G = Mean time per level.
                   A        B        C        D        E       F      G
               +--------+--------+--------+--------+--------+-----+--------+
         Total |   7342 |   6830 |    512 |    865 |   4751 |   9 |  815.8 |
       Dungeon |   6608 |   6112 |    496 |    458 |   4596 |   7 |  944.0 |
        Temple |    146 |    130 |     16 |      0 |     98 |   1 |  146.0 |
         Sewer |    586 |    586 |      0 |    407 |     56 |   1 |  586.0 |
               +--------+--------+--------+--------+--------+-----+--------+

Top non-repeatable levels by time:
     D:5: 1798 daAuts
     D:4: 1280 daAuts
     D:6: 970 daAuts
     D:2: 968 daAuts
     D:1: 804 daAuts
     D:3: 760 daAuts
   Sewer: 586 daAuts
  Temple: 146 daAuts
     D:7: 26 daAuts
